 Dungeon Crawl Stone Soup version 0.22.1-2-g9c5b331383 (webtiles) character file.

447 McIrco the Covert (level 6, 0/44 HPs)
             Began as a Vampire Assassin on Jan 5, 2019.
             Slain by a gnoll
             ... wielding a cursed -1 club
              (2 damage)
             ... on level 4 of the Dungeon.
             The game lasted 00:07:03 (6921 turns).

McIrco the Covert (Vampire Assassin)                Turns: 6921, Time: 00:07:04

Health: 0/44       AC:  4    Str: 10    XL:     6   Next: 73%
Magic:  6/6        EV: 13    Int: 18    God:
Gold:   183        SH:  0    Dex: 18    Spells: 5/5 levels left

rFire    . . .     SeeInvis +   a - +2 dagger
rCold    + + +     Gourm    .   (no shield)
rNeg     + + +     Faith    .   o - +1 robe {rC+}
rPois    ∞         Spirit   .   (no helmet)
rElec    .         Reflect  .   d - +0 cloak
rCorr    +         Harm     .   (no gloves)
MR       .....                  (no boots)
Stlth    +++++++...             (no amulet)
HPRegen  0.00/turn              q - ring of positive energy
MPRegen  0.10/turn              B - ring of resist corrosion

@: brilliant, bloodless, non-regenerating
A: fangs 3, see invisible, unbreathing
a: Bat Form


You were on level 4 of the Dungeon.
You were bloodless.

You visited 1 branch of the dungeon, and saw 4 of its levels.

You collected 183 gold pieces.

Inventory:

Hand Weapons
 a - a +2 dagger (weapon)
 b - a +0 blowgun
Missiles
 e - 8 poisoned needles
 f - 2 curare-tipped needles
Armour
 c - a +0 robe
 d - a +0 cloak (worn)
 o - a +1 robe of cold resistance (worn)
 z - a +1 chain mail of cold resistance
Jewellery
 q - a ring of positive energy (left hand)
 B - a ring of resist corrosion (right hand)
 C - an uncursed amulet of magic regeneration {unknown}
Wands
 r - a wand of polymorph (11)
 x - a wand of disintegration (13)
 y - a wand of random effects (13)
Scrolls
 i - 3 scrolls of teleportation {unknown}
 l - 5 scrolls of identify {unknown}
 n - a scroll of enchant armour {unknown}
 s - 2 scrolls of remove curse {unknown}
 w - a scroll of fear {unknown}
Potions
 g - 10 potions of blood
 h - a potion of brilliance
 j - a potion of berserk rage {unknown}
 k - a potion of magic {unknown}
 m - 2 potions of curing {unknown}
 p - a potion of heal wounds {unknown}
 t - a potion of resistance {unknown}
 u - a potion of haste {unknown}
 v - a potion of ambrosia {unknown}
 A - a potion of lignification {unknown}


   Skills:
 - Level 1.7 Fighting
 + Level 4.4 Short Blades
 - Level 1.6 Throwing
 * Level 2.7 Dodging
 + Level 10.3 Stealth


You had 5 spell levels left.
You didn't know any spells.
Your spell library was empty.

Dungeon Overview and Level Annotations

Branches:
Dungeon (4/15)
 Temple: D:4-7

Altars:
Cheibriados
Uskayaw


Innate Abilities, Weirdness & Mutations

You do not heal naturally.
You are immune to poison.
You have razor-sharp teeth.
You have supernaturally acute eyesight. (SInv)
You can survive without breathing.


Message History

* * * LOW HITPOINT WARNING * * *
You hit the gnoll.
The gnoll is heavily wounded.
The gnoll misses you.
One of your 11 potions of blood rots away.
You hit the gnoll.
The gnoll is severely wounded.
You barely miss the gnoll.
The gnoll is severely wounded.
The gnoll hits you with a club.
* * * LOW HITPOINT WARNING * * *
You barely miss the gnoll.
The gnoll is severely wounded.
The gnoll hits you with a club!
* * * LOW HITPOINT WARNING * * *
Okay, then.
It was a potion of brilliance.
You feel clever all of a sudden. The gnoll hits you with a club.
You die...

.# #.###....#........ #.# #.#
#......#...### #.# #.#
##.....##..# #### #.# #.#
##..#.##..### ##..# #.# # #.#
#.#......... #<..# #.#.# #)#
#.#...#..... #...####>#.#
##.#####........... .........(.#
#..g..)).........!.
....####.######.@#####.......####
....####.###.<..............##
....##........................
...%...#.###.########..........
######.#.# #.# .......##### # #.#
#.# ##.....# #.# #.# #..#### ...
... ### #.#


You could see a gnoll.

Vanquished Creatures
  Sigmund (D:2)
  An ogre (D:4)
  Ijyb (D:3)
  Terence (D:2)
  Jessica (D:2)
  A howler monkey zombie (D:2)
  2 gnolls (D:4)
  3 adders
  3 oozes
  2 dart slugs
  3 leopard geckos
  4 orcs (D:3)
  A giant cockroach (D:4)
  7 goblins
  4 hobgoblins
  5 bats
  4 frilled lizards
  9 kobolds
  9 rats
62 creatures vanquished.

Notes
Turn   | Place    | Note
-------+----------+-------------------------------------------
     0 | D:1      | McIrco the Vampire Assassin began the quest for the Orb.
     0 | D:1      | Reached XP level 1. HP: 16/16 MP: 1/1
  2594 | D:1      | Reached skill level 6 in Stealth
  2600 | D:1      | Reached XP level 2. HP: 22/22 MP: 2/2
  3452 | D:1      | Reached XP level 3. HP: 27/27 MP: 3/3
  3572 | D:2      | Noticed Sigmund
  3578 | D:2      | Killed Sigmund
  3578 | D:2      | Reached skill level 9 in Stealth
  3578 | D:2      | Reached XP level 4. HP: 33/33 MP: 4/4
  3578 | D:2      | Reached XP level 5. HP: 38/38 MP: 5/5
  3726 | D:2      | Noticed Jessica
  3733 | D:2      | Killed Jessica
  3769 | D:2      | Noticed Terence
  3786 | D:2      | Killed Terence
  4076 | D:2      | Reached XP level 6. HP: 39/44 MP: 6/6
  4448 | D:3      | Noticed Ijyb
  4516 | D:3      | Killed Ijyb
  5470 | D:3      | Found a snail-covered altar of Cheibriados.
  5538 | D:3      | Reached skill level 10 in Stealth
  6639 | D:3      | Found a hide-covered altar of Uskayaw.
  6916 | D:4      | HP: 2/44 [gnoll/club (7)]
  6921 | D:4      | Slain by a gnoll

Skill      XL: |  1  2  3  4  5  6 |
---------------+-------------------+-----
Stealth        | 6 9 10 | 10.3
Short Blades   | 3 4 |  4.4
Dodging        | 2 |  2.7
Fighting       | |  1.7
Throwing       | |  1.6

Action                   |  1- 3 |  4- 6 || total
-------------------------+-------+-------++-------
Melee: Dagger            |    28 |   211 ||   239
       Bite              |       |    26 ||    26
  Use: Potion            |       |     5 ||     5
 Stab: Sleeping          |    18 |    21 ||    39
Armor: Robe              |     1 |    37 ||    38
Dodge: Dodged            |     4 |    72 ||    76
